Map: Mothership LE

Players

Sindyr - Winner!

  • Race: Zerg Zerg
  • League: Gold
  • Spawn Location: 6:00

Cyberbest

  • Race: Protoss Protoss
  • League: Gold
  • Spawn Location: 9:00

VOD

Have the link to the VOD?

Description

Time

  • Played on: Jan. 5, 2026, 8:34 a.m.
  • Length: 15:47
Show
View Real Time Build Order
Export as new Build Order

Sindyr Zerg - Winner!

Build Orders: Pool First 

Get SALT Encoding   

  12  0:04  Drone  
  13  0:09  Drone  
  14  0:17  Overlord  
  14  0:21  Extractor  
  13  0:24  Drone  
  14  0:46  Drone  
  14  0:47  Drone  
  14  0:48  Spawning Pool  
  15  0:52  Drone  
  16  1:05  Drone  
  17  1:28  Hatchery  
  16  1:36  Zergling x6  
  19  1:42  Queen  
  21  1:50  Overlord  
  21  2:03  Drone  
  22  2:09  Metabolic Boost  
  22  2:14  Drone  
  23  2:21  Drone  
  24  2:31  Queen  
  24  2:35  Zergling x2  
  27  2:41  Queen  
  30  2:44  Drone  
  30  2:48  Drone  
  31  2:58  Drone  
  31  2:59  Drone x2  
  31  3:05  Overlord  
  34  3:09  Drone  
  34  3:10  Drone  
  36  3:20  Lair  
  36  3:29  Queen  
  38  3:40  Drone x4  
  38  3:41  Drone  
  43  3:43  Drone  
  43  3:57  Zergling x2  
  43  4:00  Zergling x2  
  43  4:02  Overlord  
  43  4:03  Overlord  
  42  4:29  Zergling x12  
  46  4:52  Hatchery  
  45  5:02  Roach Warren  
  45  5:03  Drone, Hydralisk Den  
  45  5:04  Extractor, Drone x4  
  45  5:06  Hatchery  
  46  5:08  Drone x4  
  46  5:10  Overlord  
  46  5:12  Overseer  
  50  5:23  Evolution Chamber x2  
  48  5:33  Drone x4  
  52  5:59  Glial Reconstitution  
  52  6:02  Zerg Missile Weapons Level 1, Zerg Ground Armor Level 1  
  52  6:16  Extractor  
  51  6:22  Queen x2  
  55  6:25  Drone  
  55  6:26  Drone x16  
  55  6:27  Drone  
  55  6:28  Drone  
  55  6:31  Drone  
  75  6:35  Drone x2  
  77  6:59  Drone x2, Infestation Pit  
  77  7:00  Drone  
  79  7:03  Drone  
  80  7:08  Overlord x2, Extractor  
  80  7:09  Overlord x4, Extractor  
  79  7:22  Drone  
  79  7:23  Drone  
  80  7:31  Extractor  
  80  7:34  Drone x3  
  82  7:38  Drone  
  83  7:45  Muscular Augments  
  84  7:51  Drone x3  
  84  7:56  Overseer  
  86  7:58  Zerg Missile Weapons Level 2, Zerg Ground Armor Level 2  
  86  8:13  Overseer  
  86  8:19  Hive  
  86  8:25  Extractor  
  85  9:12  Drone x2  
  85  9:13  Drone  
  85  9:15  Hatchery, Hydralisk  
  85  9:16  Hydralisk x12  
  85  9:17  Roach x5, Hydralisk x2  
  115  9:20  Overlord x6  
  115  9:21  Overlord x6  
  127  9:52  Drone x6  
  133  9:57  Extractor  
  132  10:22  Hydralisk x3  
  132  10:23  Roach x4, Hydralisk x6  
  132  10:24  Hydralisk x6, Roach x8  
  132  10:25  Roach x4  
  132  10:27  Zerg Missile Weapons Level 3  
  194  10:33  Zerg Ground Armor Level 3  
  194  10:41  Hydralisk x2  
  194  10:42  Roach  
  200  11:38  Hatchery  
  199  12:13  Overseer  
  199  12:15  Pneumatized Carapace  
  199  13:05  Zerg Melee Weapons Level 1  
  194  13:32  Hydralisk x11  
  194  13:33  Hydralisk  
  197  13:43  Grooved Spines, Unknown  
  185  13:56  Hydralisk x12  
  185  13:57  Hydralisk x2  
  183  14:05  Hydralisk x14  
  183  14:06  Hydralisk x2  
  183  14:08  Hydralisk  
  161  14:24  Hatchery  
  161  14:25  Hydralisk  
  161  14:26  Hydralisk x22  
  161  14:27  Hydralisk  
  161  14:28  Hydralisk  
  161  14:29  Hydralisk  
  161  14:30  Hydralisk  
  188  14:49  Hydralisk  
  188  14:50  Hydralisk x5  
  199  15:20  Hydralisk  
Show
View Real Time Build Order
Export as new Build Order

Cyberbest Protoss 

Build Orders:  

Get SALT Encoding   

  12  0:09  Probe  
  13  0:15  Pylon  
  13  0:20  Probe  
  14  0:28  Probe  
  15  0:46  Gateway  
  15  0:54  Probe  
  16  1:08  Probe  
  17  1:18  Assimilator  
  17  1:20  Probe, Pylon  
  18  1:29  Gateway  
  18  1:32  Probe  
  19  1:38  Zealot  
  21  1:48  Cybernetics Core  
  21  1:49  Probe  
  22  1:57  Probe  
  23  2:06  Probe  
  23  2:22  Nexus  
  23  2:30  Adept  
  23  2:33  Adept  
  27  2:43  Shield Battery  
  27  2:49  Probe  
  28  2:53  Assimilator  
  28  2:57  Stalker  
  28  3:01  Probe  
  31  3:27  Pylon  
  31  3:32  Stalker  
  31  3:33  Adept  
  33  3:34  Assimilator  
  33  4:37  Probe  
  32  4:38  Stalker  
  32  4:40  Adept, Probe  
  37  4:49  Probe x2  
  37  4:52  Assimilator  
  38  4:58  Probe, Pylon  
  39  5:01  Probe  
  39  5:04  Warp Gate  
  41  5:08  Stargate  
  41  5:09  Stargate  
  41  5:10  Probe  
  41  5:12  Probe  
  43  5:14  Pylon  
  43  5:18  Robotics Facility  
  43  5:20  Probe  
  43  5:26  Probe  
  45  5:29  Probe  
  46  5:36  Probe, Shield Battery  
  46  5:39  Probe  
  48  5:44  Probe  
  48  5:47  Forge  
  48  5:48  Probe  
  49  5:52  Probe  
  49  5:56  Probe  
  60  6:04  Probe  
  60  6:05  Void Ray  
  60  6:06  Probe  
  60  6:08  Void Ray, Sentry  
  60  6:10  Stalker  
  66  6:32  Probe  
  67  6:38  Pylon  
  67  6:42  Observer  
  68  6:53  Pylon  
  68  6:59  Pylon  
  76  7:02  Void Ray x2  
  76  7:07  Observer  
  77  7:16  Probe  
  86  7:45  Void Ray x2  
  86  8:19  Protoss Shields Level 1  
  86  8:25  Pylon  
  94  8:27  Pylon  
  94  8:28  Void Ray x2  
  94  8:29  Stargate  
  94  8:51  Photon Cannon  
  94  8:53  Nexus  
  94  8:54  Photon Cannon  
  94  8:55  Stalker  
  96  8:56  Assimilator, Protoss Air Weapons Level 1  
  96  8:57  Stalker, Assimilator  
  98  9:04  Pylon  
  98  9:06  Pylon  
  98  9:08  Pylon  
  102  9:10  Void Ray  
  106  9:20  Void Ray  
  106  9:25  Sentry  
  108  9:34  Photon Cannon  
  108  9:35  Photon Cannon  
  108  9:37  Photon Cannon  
  108  9:39  Probe, Photon Cannon  
  108  9:42  Photon Cannon  
  108  9:43  Shield Battery  
  109  9:46  Shield Battery  
  109  9:47  Probe  
  114  9:54  Void Ray  
  114  9:56  Probe  
  119  10:08  Probe  
  119  10:09  Void Ray  
  119  10:12  Probe  
  124  10:15  Void Ray  
  124  10:20  Probe x2  
  127  10:34  Twilight Council  
  127  10:38  Fleet Beacon  
  125  10:51  Stalker  
  125  10:53  Zealot  
  125  10:55  Probe, Protoss Air Armor Level 1  
  130  11:07  Probe  
  143  11:14  Void Ray  
  143  11:15  Protoss Ground Weapons Level 1  
  143  11:17  Void Ray x2  
  143  11:20  Probe  
  144  11:32  Probe  
  143  11:44  Charge  
  146  11:57  Void Ray  
  146  12:11  Pylon  
  146  12:14  Pylon  
  146  12:18  Pylon  
  154  12:35  Void Ray x2  
  154  12:37  Flux Vanes  
  154  12:39  Probe  
  155  12:50  Nexus  
  159  12:57  Void Ray  
  159  13:12  Tempest  
  159  13:18  Void Ray  
  124  13:55  Tempest  
  97  14:12  Void Ray  
  88  14:31  Probe  
  76  14:43  Probe  
  76  14:44  Void Ray  
  85  14:45  Immortal  
  85  14:50  Void Ray  
  89  14:55  Probe, Void Ray  
Tags
 
League
GoldGold
Matchup
PvZ
Opening
Pool First
Replay Pack
Multiplayer
Spawn Locations
Close Positions
Add a new tag
Caveats
  • Supply blocks, unpowered buildings, or Contaminate may cause inaccurate times.
  • Supply counts are checked every 10 seconds.